 Dungeon Crawl Stone Soup version 0.32-a0-871-ge202e49faa (webtiles) character file.

Game seed: 5292681292623980514

1191 RhoxWarMonk the Reanimator (level 8, -17/52 HPs)
             Began as a Vampire Necromancer on Mar 29, 2024.
             Killed from afar by a steam dragon (20 damage)
             ... with a ball of steam
             ... on level 6 of the Dungeon.
             The game lasted 00:08:46 (6251 turns).

RhoxWarMonk the Reanimator (Vampire Necromancer)    Turns: 6251, Time: 00:08:46

Health: -17/52     AC:  3    Str:  7    XL:     8   Next: 20%
Magic:  8/17       EV: 11    Int: 19    God:
Gold:   295        SH:  0    Dex: 15    Spells: 18/19 levels left

rFire   . . .        f - +2 dagger (speed)
rCold   . . .        (no shield)
rNeg    . . .        a - +0 robe
rPois   .            o - +0 helmet
rElec   .            (no cloak)
rCorr   .            (no gloves)
SInv    +            (no boots)
Will    .....        (no amulet)
Stlth   ++           (no ring)
HPRegen 0.48/turn    (no ring)
MPRegen 0.15/turn

%: no passive effects
@: healing quickly
A: alive, fangs 3, see invisible, vampiric 2
a: Exsanguinate


You were on level 6 of the Dungeon.
You visited 1 branch of the dungeon, and saw 6 of its levels.

You collected 295 gold pieces.

Inventory:

Hand Weapons
 f - a +2 dagger of speed (weapon)
 j - a +0 rapier
Armour
 a - a +0 robe (worn)
 o - a +0 helmet (worn)
Jewellery
 C - a ring of ice
Wands
 s - a wand of digging (5)
Scrolls
 c - 5 scrolls of identify {unknown}
 e - 3 scrolls of teleportation {@r4}
 i - 2 scrolls of poison {unknown}
 k - a scroll of butterflies {unknown}
 n - a scroll of enchant armour {unknown}
 q - a scroll of noise {!r}
 r - a scroll of vulnerability {unknown}
Potions
 b - a potion of magic
 d - 2 potions of brilliance {unknown}
 g - 2 potions of curing {@q1}
 h - 2 potions of lignification {unknown}
 l - a potion of cancellation {unknown}
 m - a potion of might {unknown}
 p - 2 potions of ambrosia {unknown}
 t - a potion of attraction {unknown}


   Skills:
 - Level 2.1 Dodging
 - Level 3.0 Stealth
 + Level 6.0 Spellcasting
 * Level 9.4 Necromancy


You had 18 spell levels left.
You knew the following spells:

 Your Spells              Type           Power      Damage    Failure   Level
X - Necrotise             Necr           100%       1d9       1%          1

Your spell library contained the following spells:

 Spells                   Type           Power      Damage    Failure   Level
 Vampiric Draining        Necr           41%        2d8       1%          3
 Animate Dead             Necr           41%        N/A       2%          4
 Curse of Agony           Necr           41%        N/A       6%          5
 Sigil of Binding         Hex            5%         N/A       32%         3
 Stone Arrow              Conj/Erth      10%        3d7       32%         3
 Death Channel            Necr           20%        N/A       34%         6
 Animate Armour           Summ/Erth      10%        N/A       73%         4
 Sculpt Simulacrum        Ice/Alch       2%         N/A       100%        6
 Lehudib's Crystal Spear  Conj/Erth      2%         10d2      100%        8


Dungeon Overview and Level Annotations

Branches:
Dungeon (5/15)
 Temple: D:4-7

Altars:
Uskayaw
Vehumet
Xom

Shops:
D:3 =


Innate Abilities, Weirdness & Mutations

Your natural rate of healing is accelerated.
You have razor-sharp teeth.
You have supernaturally acute eyesight. (SInv)
You are afflicted with vampirism and can become a bat while bloodless.


Message History

Confirm with . or Enter, or press ? or * to list all spells.
Aiming: Necrotise (safe; 1% risk of failure)
Press: ? - help, Shift-Dir - straight line, f/p - sleepcap
Aim: a sleepcap (severely damaged, ally target, chance to affect: 88%)
The sleepcap writhes in agony!
Your bullfrog skeleton hits the sleepcap but does no damage.
Your bullfrog skeleton hits the sleepcap.
The sleepcap is destroyed!
You start resting.
Your bullfrog skeleton crumbles into dust!
A steam dragon comes into view.
A steam dragon is nearby!
You are too injured to fight recklessly!
Casting: Necrotise (safe; 1% risk of failure)
Confirm with . or Enter, or press ? or * to list all spells.
Aiming: Necrotise (safe; 1% risk of failure)
Press: ? - help, Shift-Dir - straight line, f - steam dragon
Aim: a steam dragon (wandering, hasn't noticed you, chance to affect: 83%)
The steam dragon hisses angrily.
The steam dragon writhes in agony.
Casting: Necrotise (safe; 1% risk of failure)
Confirm with . or Enter, or press ? or * to list all spells.
Aiming: Necrotise (safe; 1% risk of failure)
Press: ? - help, Shift-Dir - straight line, f/p - steam dragon
Aim: a steam dragon (lightly wounded, chance to affect: 83%)
The steam dragon writhes in agony.
The steam dragon breathes steam at you. The ball of steam hits you!
* * * LOW HITPOINT WARNING * * *
Casting: Necrotise (safe; 1% risk of failure)
Confirm with . or Enter, or press ? or * to list all spells.
Aiming: Necrotise (safe; 1% risk of failure)
Press: ? - help, Shift-Dir - straight line, f/p - steam dragon
Aim: a steam dragon (steam, moderately wounded, catching its breath, chance to affect: 83%)
The steam dragon writhes in agony.
Casting: Necrotise (safe; 1% risk of failure)
Confirm with . or Enter, or press ? or * to list all spells.
Aiming: Necrotise (safe; 1% risk of failure)
Press: ? - help, Shift-Dir - straight line, f/p - steam dragon
Aim: a steam dragon (steam, heavily wounded, chance to affect: 83%)
The steam dragon writhes in agony.
The steam dragon breathes steam at you. The ball of steam hits you!!
* * * LOW HITPOINT WARNING * * *
It was a potion of curing.
You feel better.
You are engulfed in a cloud of scalding steam.
* * * LOW HITPOINT WARNING * * *
The steam dragon breathes steam at you. The ball of steam hits you!!
You die...

#.............
#.#..............
#.#..............
+........§§......
#.#..............
+...........§....
#......#§§§......
..#....#§........
# #....§@.......#
#....#D######.#
#......+§#
###....#..
......+...
###....###..
..... ... ......
.... .#.#


You could see a steam dragon (catching breath).

Vanquished Creatures
  Sigmund (D:5)
  A centaur (D:5)
  A kobold brigand (D:4)
  A bullfrog (D:6)
  2 howler monkeys (D:4)
  A bombardier beetle (D:4)
  4 hounds
  An orc priest (D:4)
  A gnoll bouda (D:4)
  2 iguanas (D:4)
  25 gnolls
  7 adders
  2 dart slugs
  3 ribbon worms
  20 orcs
  9 endoplasms
  6 giant cockroaches
  7 goblins
  4 hobgoblins
  13 jackals (D:4)
  3 quokkas
  6 ball pythons
  5 bats
  4 frilled lizards (D:1)
  6 kobolds
  6 rats
141 creatures vanquished.

Vanquished Creatures (collateral kills)
  A sleepcap (D:6)
  A gnoll (D:4)
  2 orcs (D:4)
  A frilled lizard (D:1)
  A rat (D:3)
6 creatures vanquished.

Vanquished Creatures (others)
  A gnoll (D:4)
  An orc (D:4)
2 creatures vanquished.

Grand Total: 149 creatures vanquished

Notes
Turn   | Place    | Note
-------+----------+-------------------------------------------
     0 | D:1      | RhoxWarMonk the Vampire Necromancer began the quest for the
                  | Orb.
     0 | D:1      | Reached XP level 1. HP: 13/13 MP: 3/3
   256 | D:1      | Reached XP level 2. HP: 19/19 MP: 1/5
  1356 | D:2      | Reached skill level 5 in Necromancy
  1356 | D:2      | Gained mutation: You are afflicted with vampirism and can
                  | become a bat while bloodless. [Vampire growth]
  1356 | D:2      | Reached XP level 3. HP: 24/24 MP: 1/7
  1621 | D:2      | Reached skill level 3 in Spellcasting
  1798 | D:2      | Found a shimmering altar of Xom.
  1939 | D:2      | Reached XP level 4. HP: 30/30 MP: 4/8
  2571 | D:3      | Found a hide-covered altar of Uskayaw.
  2571 | D:3      | Noticed a +0 spear
  2571 | D:3      | Noticed a +0 dagger
  2571 | D:3      | Noticed a +0 falchion
  2686 | D:3      | Noticed a +0 short sword
  2691 | D:3      | Noticed a +0 spear
  2691 | D:3      | Noticed a +0 short sword
  2691 | D:3      | Noticed a +0 falchion
  2691 | D:3      | Noticed a +0 dagger
  2739 | D:3      | Found Ulojyug's Jewellery Shoppe.
  3441 | D:4      | Reached XP level 5. HP: 27/35 MP: 4/10
  3535 | D:4      | Found a radiant altar of Vehumet.
  3545 | D:4      | Noticed a phantom
  3736 | D:4      | Reached skill level 6 in Necromancy
  4085 | D:4      | Reached XP level 6. HP: 29/41 MP: 4/12
  4490 | D:4      | Reached skill level 7 in Necromancy
  4704 | D:4      | Reached XP level 7. HP: 42/46 MP: 0/14
  5266 | D:4      | Reached skill level 8 in Necromancy
  5646 | D:5      | Entered Level 5 of the Dungeon
  5821 | D:5      | Noticed Sigmund
  5923 | D:5      | Killed Sigmund
  6033 | D:5      | Reached skill level 9 in Necromancy
  6033 | D:5      | Reached XP level 8. HP: 47/52 MP: 9/16
  6199 | D:5      | You fall into a shaft and drop 1 floor!
  6212 | D:6      | Reached skill level 6 in Spellcasting
  6250 | D:6      | HP: 2/52 [steam dragon/ball of steam (20)]
  6251 | D:6      | Killed from afar by a steam dragon

Illustrated notes

Levels and vault maps discovered:
D:1:      dpeg_arrival_oval, layout_basic, wander_ebering_terrifying_dragon_lair
D:2:      layout_basic, basic_altar
D:3:      layout_loops_ring, nicolae_uskayaw_en_pointe,
          nicolae_elyvilon_peaceful_grove, serial_shops, shop,
          grunt_decor_one_mirror
D:4:      lemuel_castle_with_subvaults [lemuel_castle_interior_carwin_3],
          layout_rooms, fiery_altar_vehumet
D:5:      layout_loops_ring, chequers_serial_rivers_room_b, uniq_blork_the_orc,
          uniq_sigmund
D:6:      layout_basic, grunt_temple_overflow_gold_and_silver,
          mainiacjoe_overflow_tiny_flanked, nicolae_overflow_crystal_walls,
          sigmund_army

Skill      XL: |  1  2  3  4  5  6  7  8 |
---------------+-------------------------+-----
Necromancy     | 5 6 7 9 |  9.4
Spellcasting   | 3 4 5 6 |  6.0
Dodging        | |  2.1
Stealth        | |  3.0

Action                     |  1- 3 |  4- 6 |  7- 9 || total
---------------------------+-------+-------+-------++-------
  Melee: Unarmed           |     3 |       |       ||     3
         Bite              |     3 |     2 |       ||     5
         Dagger            |    11 |    20 |     1 ||    32
   Cast: Necrotise         |    64 |   175 |   135 ||   374
    Use: Scroll            |       |       |     2 ||     2
         Potion            |       |       |     1 ||     1
 Armour: Robe              |    20 |    52 |    58 ||   130
  Dodge: Dodged            |    24 |    67 |    30 ||   121

Table legend: (Time is in decaauts)
 A = Elapsed time spent in this place.
 B = Non-inter-level travel time spent in this place.
 C = Inter-level travel time spent in this place.
 D = Time resting spent in this place.
 E = Time spent auto-exploring this place.
 F = Levels seen in this place.
 G = Mean time per level.
                   A        B        C        D        E       F      G
               +--------+--------+--------+--------+--------+-----+--------+
         Total |   6255 |   5972 |    283 |    406 |   4647 |   6 | 1042.5 |
       Dungeon |   6255 |   5972 |    283 |    406 |   4647 |   6 | 1042.5 |
               +--------+--------+--------+--------+--------+-----+--------+

Top non-repeatable levels by time:
     D:4: 2283 daAuts
     D:1: 1346 daAuts
     D:3: 1261 daAuts
     D:2: 991 daAuts
     D:5: 320 daAuts
     D:6: 51 daAuts
